 Dungeon Crawl Stone Soup version 0.23.1 (webtiles) character file.

Game seed: 0

14714 Lusmu the Slicer (level 12, -3/73 HPs)
             Began as a Tengu Summoner on Mar 11, 2019.
             Was a Priest of Dithmenos.
             Slain by a spiny frog (13 damage)
             ... on level 3 of the Lair of Beasts on Mar 13, 2019.
             The game lasted 02:15:28 (19641 turns).

Lusmu the Slicer (Tengu Summoner)                  Turns: 19641, Time: 02:15:29

Health: -3/73      AC: 10    Str: 11    XL:     12   Next: 19%
Magic:  19/19      EV: 18    Int: 22    God:    Dithmenos [***...]
Gold:   433        SH:  4    Dex: 17    Spells: 1/17 levels left

rFire    . . .     SeeInvis .   r - +1 dagger (venom)
rCold    . . .     Gourm    .   (no shield)
rNeg     . . .     Faith    .   h - +2 robe {MR+}
rPois    .         Spirit   .   (helmet restricted)
rElec    .         Reflect  +   I - +1 cloak
rCorr    .         Harm     .   Q - +0 pair of gloves
MR       +....                  (boots unavailable)
Stlth    +++++++...             u - +4 amulet of reflection
HPRegen  0.22/turn              J - ring of stealth
MPRegen  0.16/turn              v - +6 ring of intelligence

@: lethally poisoned (-3 -> -14), wreathed by umbra
A: beak, talons 3, molten scales 1, high mp 1, MP-powered wands, able to fly
a: Fly, Shadow Step, Renounce Religion


You were on level 3 of the Lair of Beasts.
You worshipped Dithmenos.
Dithmenos was most pleased with you.
You were not hungry.

You visited 3 branches of the dungeon, and saw 15 of its levels.

You collected 605 gold pieces.
You spent 172 gold pieces at shops.

Inventory:

Hand Weapons
 l - a +0 blowgun
 o - a +1 short sword of speed
 r - a +1 dagger of venom (weapon)
 D - a +2 flail of holy wrath
Missiles
 f - 3 tomahawks
 i - 294 stones
 n - 21 javelins (quivered)
 p - 48 poisoned needles
 z - 7 needles of paralysis
 R - 6 curare-tipped needles
Armour
 h - a +2 robe of magic resistance (worn)
 m - a +0 shield
 I - a +1 cloak (worn)
 Q - a +0 pair of gloves (worn)
Jewellery
 s - an uncursed ring of see invisible
 u - a +4 amulet of reflection (around neck)
 v - a +6 ring of intelligence (right hand)
 A - an uncursed ring of poison resistance
 J - a ring of stealth (left hand)
Wands
 x - a wand of paralysis (3)
 y - a wand of flame (18)
 E - a wand of acid (30)
 G - a wand of iceblast (15)
 K - a wand of random effects (26)
Scrolls
 j - 2 scrolls of immolation {unknown}
 k - 9 scrolls of teleportation
 q - 2 scrolls of blinking
 t - 6 scrolls of remove curse
 w - 2 scrolls of enchant armour
 C - a scroll of magic mapping
 F - a scroll of brand weapon
 H - a scroll of fog
 L - a scroll of random uselessness {unknown}
 M - 3 scrolls of amnesia
 P - a scroll of fear
 W - 3 scrolls of enchant weapon {unknown}
Potions
 a - 3 potions of haste
 b - 2 potions of magic
 d - 2 potions of ambrosia {unknown}
 e - 2 potions of curing
 g - 4 potions of might
 B - a potion of berserk rage {unknown}
 N - a potion of lignification
Comestibles
 c - 17 rations
 S - 2 chunks of flesh


   Skills:
 - Level 8.0 Fighting
 + Level 8.4 Short Blades
 + Level 2.1 Throwing
 + Level 5.7 Armour
 - Level 8.0 Dodging
 - Level 8.1 Stealth
 + Level 4.7 Shields
 - Level 3.0 Spellcasting
 - Level 2.0 Conjurations
 - Level 8.0 Summonings
 + Level 3.6 Ice Magic
 - Level 7.1 Air Magic
 - Level 3.0 Evocations


You had one spell level left.
You knew the following spells:

 Your Spells              Type           Power        Failure   Level  Hunger
a - Shock                 Conj/Air       ###.         1%          1    None
b - Call Canine Familiar  Summ           #####...     1%          3    ###....
c - Summon Lightning Spi  Summ/Air       #####...     5%          4    ####...
d - Summon Ice Beast      Ice/Summ       ####....     11%         4    ####...
e - Airstrike             Air            ####......   7%          4    ####...

Your spell library contained the following spells:

 Spells                   Type           Power        Failure   Level  Hunger
 Summon Small Mammal      Summ           ####         1%          1    None
 Magic Dart               Conj           ##..         5%          1    None
 Animate Skeleton         Necr           N/A          12%         1    None
 Corona                   Hex            #......      12%         1    None
 Pain                     Necr           #...         12%         1    None
 Call Imp                 Summ           #####...     1%          2    ##.....
 Swiftness                Chrm/Air       ###.....     4%          2    ##.....
 Static Discharge         Conj/Air       ###.....     5%          3    ###....
 Summon Guardian Golem    Hex/Summ       ###.....     7%          3    ###....
 Ensorcelled Hibernation  Hex/Ice        ##....       9%          2    ##.....
 Mephitic Cloud           Conj/Pois/Air  ###.....     11%         3    ###....
 Blink                    Tloc           N/A          19%         2    ##.....
 Slow                     Hex            #.......     19%         2    ##.....
 Conjure Flame            Conj/Fire      #.......     24%         3    ###....
 Dazzling Spray           Conj/Hex       #.....       24%         3    ###....
 Confuse                  Hex            #.......     36%         3    ###....
 Regeneration             Chrm/Necr      #.........   36%         3    ###....
 Tukima's Dance           Hex            #.......     36%         3    ###....
 Vampiric Draining        Necr           #.........   36%         3    ###....
 Lightning Bolt           Conj/Air       ###.......   45%         5    ######.
 Animate Dead             Necr           N/A          77%         4    ####...
 Iskenderun's Battlesphe  Conj/Chrm      #.......     92%         5    ######.
 Venom Bolt               Conj/Pois      #.........   92%         5    ######.
 Bolt of Magma            Conj/Fire/Erth #.........   95%         5    ######.
 Iron Shot                Conj/Erth      #.........   100%        6    #######
 Orb of Destruction       Conj           ##........   100%        7    #######
 Spellforged Servitor     Conj/Summ      ####......   100%        7    #######


Dungeon Overview and Level Annotations

Branches:
Dungeon (10/15)            Temple (1/1) D:7            Lair (4/6) D:10
 Shoals (0/4) Lair:3        Snake (0/4) Lair:3
    Orc: D:9-12

Altars:
Ashenzari
Cheibriados
Dithmenos
Elyvilon
Fedhas
Gozag
Hepliaklqana
Kikubaaqudgha
Makhleb
Nemelex Xobeh
Okawaru
Qazlal
Ru
Sif Muna
Trog
Uskayaw
Vehumet
Wu Jian
Xom
Yredelemnul
Zin
The Shining One

Shops:
D:6 =

Annotations:
D:4 Duvessa
D:5 1 runed translucent door, Crazy Yiuf


Innate Abilities, Weirdness & Mutations

You have a beak for a mouth.
You have claws for feet.
You can fly continuously.
You are partially covered in molten scales. (AC +2)
You have an increased reservoir of magic. (+10% MP)
You expend magic power (3 MP) to strengthen your wands.


Message History

The wolf closely misses you. x2
The wolf bites you.
* * * LOW HITPOINT WARNING * * *
The wolf barely misses you. x2; The spiny frog stings you.
* * * LOW HITPOINT WARNING * * *
You are lethally poisoned!
The spiny frog poisons you!
* * * LOW HITPOINT WARNING * * *
You feel sick. The wolf closely misses you.
* * * LOW HITPOINT WARNING * * *
You feel sick.
* * * LOW HITPOINT WARNING * * *
You feel sick. The wolf closely misses you.
* * * LOW HITPOINT WARNING * * *
You feel sick. You block the wolf's attack. x2
* * * LOW HITPOINT WARNING * * *
You feel sick.
* * * LOW HITPOINT WARNING * * *
You feel sick. The spiny frog stings you!
You die...

...##.≈.#..................#####.
...#..≈##.................#.#####
#.##.≈≈#.#....####.............##
###.#≈####....##.P.##....<#.....#
.##.>≈# #....##...##..........<.
###.#≈####....#P...##.....##....#
# ##.≈≈##......P...##.....##.....
# #..≈###...PP....#......##....#
#####.≈.#...P...@..##......#.....
..#.#..≈##....###F.#......###...#
....###.......####h##......##..##
....))...........................
....)............................
..<..............................
........................P##.####.
........................###.####.
...............÷........##......#


You could see a spiny frog and a wolf.

Vanquished Creatures
  A hydra (Lair:3)
  A two-headed ogre (D:8)
  Urug (Lair:3)
  A black mamba (Lair:3)
  A merfolk siren (Lair:3)
  6 spiny frogs
  2 komodo dragons (Lair:3)
  A troll (D:9)
  Sigmund (D:3)
  A spriggan (D:7)
  7 yaks
  A wyvern (Lair:2)
  2 nagas (Lair:3)
  3 water moccasins
  A porcupine (Lair:1)
  A sky beast (D:9)
  2 slaves (D:8)
  An orc warrior (D:7)
  A black bear (D:6)
  A phantom (D:8)
  4 wolves
  2 ogres
  4 centaurs
  4 crocodiles
  A big kobold (D:9)
  15 bullfrogs
  2 scorpions (D:6)
  3 killer bees (D:9)
  A howler monkey (D:5)
  3 crimson imps
  3 centaur zombies
  A centaur skeleton (D:8)
  A jelly (D:9)
  5 orc priests
  4 hounds
  2 bullfrog skeletons
  An iguana (D:6)
  3 orc wizards
  6 worker ants
  A hound skeleton (D:7)
  5 adders
  An ooze (D:4)
  An adder skeleton (D:7)
  An adder zombie (D:9)
  2 worms (D:4)
  2 dart slugs
  8 leopard geckos
  21 orcs
  5 bats
  6 giant cockroaches
  6 goblins
  5 hobgoblins
  21 jackals
  6 kobolds
  5 quokkas
  A ball python (D:2)
  A frilled lizard (D:1)
  A quokka skeleton (D:9)
  8 rats
208 creatures vanquished.

Vanquished Creatures (collateral kills)
  Erica (D:8)
  Sonja (Lair:1)
  Pikel (D:8)
  A merfolk siren (Lair:3)
  A rime drake (Lair:3)
  2 komodo dragons
  2 merfolk (Lair:3)
  A troll (D:9)
  A slime creature (D:8)
  A hippogriff (D:9)
  A wyvern (D:8)
  11 yaks
  Menkaure (D:6)
  2 nagas (Lair:3)
  2 porcupines (Lair:3)
  An orc warrior (D:7)
  An ice beast (D:8)
  3 ogres
  2 phantoms
  A sky beast (D:6)
  2 crocodiles (Lair:2)
  3 centaurs
  A big kobold (D:10)
  Blork the orc (D:8)
  8 bullfrogs
  A crimson imp (D:6)
  A howler monkey (D:9)
  A bullfrog zombie (D:10)
  An orc priest (D:7)
  2 jellies
  A bullfrog skeleton (D:6)
  2 iguanas
  Jessica (D:2)
  2 centaur skeletons
  3 orc wizards
  A worker ant zombie (D:6)
  3 adders
  2 shadow imps
  3 worms
  A leopard gecko (D:9)
  8 orcs
  9 jackals
  A bat (D:1)
  A frilled lizard (D:5)
  2 goblins (D:1)
  3 kobolds
  A quokka skeleton (D:5)
  2 plants (D:10)
104 creatures vanquished.

Vanquished Creatures (others)
  2 slaves (D:8)
  A centaur (D:8)
  A fungus (Lair:3)
  2 plants
6 creatures vanquished.

Grand Total: 318 creatures vanquished

Notes
Turn   | Place    | Note
-------+----------+-------------------------------------------
     0 | D:1      | Lusmu the Tengu Summoner began the quest for the Orb.
     0 | D:1      | Reached XP level 1. HP: 10/10 MP: 4/4
   140 | D:1      | Reached skill level 5 in Summonings
   189 | D:1      | Reached XP level 2. HP: 14/16 MP: 4/6
   238 | D:1      | Reached skill level 1 in Fighting
   869 | D:1      | Reached XP level 3. HP: 20/20 MP: 7/7
  1258 | D:2      | Noticed a bullfrog
  1440 | D:2      | Noticed Jessica
  1462 | D:1      | Learned a level 3 spell: Call Canine Familiar
  1484 | D:2      | Killed Jessica
  1683 | D:2      | Reached XP level 4. HP: 19/26 MP: 8/8
  1858 | D:2      | Killed a bullfrog
  2275 | D:3      | Gained mutation: You can fly continuously. [Tengu growth]
  2275 | D:3      | Reached XP level 5. HP: 31/31 MP: 10/10
  2381 | D:3      | Found a shattered altar of Ashenzari.
  2382 | D:3      | Found a burning altar of Makhleb.
  2416 | D:3      | Noticed Sigmund
  2613 | D:3      | Found an iron altar of Okawaru.
  2889 | D:3      | Killed Sigmund
  2889 | D:3      | Reached XP level 6. HP: 17/37 MP: 2/11
  3447 | D:3      | Found a hide-covered altar of Uskayaw.
  3643 | D:3      | Found a faded altar of an unknown god.
  3801 | D:3      | Learned a level 4 spell: Summon Lightning Spire
  4048 | D:4      | Reached skill level 1 in Air Magic
  4418 | D:4      | Noticed a phantom
  4763 | D:4      | Found a blossoming altar of Fedhas.
  5018 | D:4      | Reached XP level 7. HP: 42/42 MP: 12/12
  5188 | D:4      | Noticed Duvessa
  5292 | D:5      | Entered Level 5 of the Dungeon
  5354 | D:5      | You fall through a shaft!
  5451 | D:6      | Found Fiyng's Jewellery Boutique.
  5824 | D:6      | Bought a +3 amulet of reflection for 172 gold pieces
  5843 | D:6      | Noticed Menkaure
  6110 | D:5      | Reached skill level 5 in Air Magic
  6207 | D:5      | Found a burning altar of Makhleb.
  6207 | D:5      | Noticed a balrug
  6652 | D:5      | Found a runed translucent door.
  6653 | D:5      | Noticed Crazy Yiuf
  6711 | D:5      | Reached XP level 8. HP: 26/48 MP: 13/13
  6947 | D:6      | Killed Menkaure
  6947 | D:6      | Reached skill level 5 in Fighting
  7151 | D:6      | Learned a level 1 spell: Shock
  7197 | D:6      | Reached skill level 1 in Conjurations
  7746 | D:7      | Found a staircase to the Ecumenical Temple.
  7772 | Temple   | Entered the Ecumenical Temple
  7994 | Temple   | Became a worshipper of Dithmenos the Shadowed
  8076 | D:7      | Reached skill level 1 in Evocations
  8528 | D:7      | Reached XP level 9. HP: 12/54 MP: 2/14
  8837 | D:7      | Reached skill level 5 in Dodging
  9037 | D:7      | Reached skill level 1 in Short Blades
  9476 | D:8      | Noticed Pikel
  9489 | D:8      | Killed Pikel
  9660 | D:8      | Noticed Erica
  9695 | D:8      | HP: 1/54 [centaur/arrow (12)]
  9697 | D:8      | Killed Erica
  9697 | D:8      | Reached skill level 5 in Stealth
 10156 | D:8      | Noticed a two-headed ogre
 10163 | D:8      | Killed a two-headed ogre
 10163 | D:8      | Reached skill level 5 in Short Blades
 10163 | D:8      | Reached XP level 10. HP: 28/61 MP: 15/15
 10197 | D:8      | Reached * piety under Dithmenos
 11899 | D:8      | Noticed Blork the orc
 11906 | D:8      | Killed Blork the orc
 11917 | D:8      | Found a deep blue altar of Sif Muna.
 12114 | D:8      | HP: 3/61 [bullfrog (7)]
 13449 | D:9      | Found a shimmering altar of Xom.
 13451 | D:9      | Found a deep blue altar of Sif Muna.
 13451 | D:9      | Found a shadowy altar of Dithmenos.
 13468 | D:9      | Reached ** piety under Dithmenos
 13587 | D:9      | Found a shimmering altar of Xom.
 13587 | D:9      | Found a stormy altar of Qazlal.
 13587 | D:9      | Found a shadowy altar of Dithmenos.
 13822 | D:9      | Reached skill level 1 in Armour
 14247 | D:10     | Entered Level 10 of the Dungeon
 14269 | D:10     | Reached XP level 11. HP: 67/67 MP: 12/16
 14800 | D:9      | Gained mutation: You have an increased reservoir of magic.
                  | (+10% MP) [potion of mutation]
 14800 | D:9      | Gained mutation: You are partially covered in molten
                  | scales. (AC +2) [potion of mutation]
 14800 | D:9      | Gained mutation: You expend magic power (3 MP) to
                  | strengthen your wands. [potion of mutation]
 14941 | D:10     | Found a staircase to the Lair.
 15216 | Lair:1   | Entered Level 1 of the Lair of Beasts
 15438 | Lair:1   | Reached skill level 1 in Shields
 15661 | Lair:1   | Noticed a seven-headed hydra
 15684 | Lair:1   | HP: 3/68 [seven-headed hydra (11)]
 15684 | Lair:1   | HP: 1/68 [seven-headed hydra (2)]
 15701 | Lair:1   | HP: 1/68 [seven-headed hydra (3)]
 15736 | Lair:1   | You are sucked into a shaft!
 16721 | Lair:1   | Learned a level 4 spell: Summon Ice Beast
 16840 | Lair:2   | Learned a level 4 spell: Airstrike
 17022 | Lair:2   | Reached skill level 1 in Ice Magic
 17396 | Lair:1   | Reached *** piety under Dithmenos
 17480 | Lair:1   | Noticed Sonja
 17492 | Lair:1   | Killed Sonja
 17849 | Lair:3   | Noticed a seven-headed hydra
 17855 | Lair:3   | Killed a seven-headed hydra
 18236 | Lair:3   | Reached skill level 5 in Armour
 18583 | Lair:3   | Reached XP level 12. HP: 73/73 MP: 15/19
 18627 | Lair:3   | Noticed Urug
 18643 | Lair:3   | Killed Urug
 18643 | Lair:3   | Reached skill level 1 in Throwing
 18791 | Lair:3   | Found a staircase to the Snake Pit.
 18888 | Lair:3   | Found a staircase to the Shoals.
 19641 | Lair:3   | Slain by a spiny frog

Skill      XL: |  1  2  3  4  5  6  7  8  9 10 11 12 |
---------------+-------------------------------------+-----
Summonings     | 5 6 7 8 |  8.0
Fighting       | 1 2 3 4 5 6 7 8 |  8.0
Spellcasting   | 3 |  3.0
Air Magic      | 2 5 7 |  7.1
Dodging        | 4 6 8 |  8.0
Conjurations   | 2 |  2.0
Evocations     | 2 3 |  3.0
Stealth        | 3 5 7 8 |  8.1
Short Blades   | 5 8 |  8.4
Armour         | 1 5 |  5.7
Shields        | 4 |  4.7
Ice Magic      | 3 |  3.6
Throwing       | 2 |  2.1

Action                   |  1- 3 |  4- 6 |  7- 9 | 10-12 || total
-------------------------+-------+-------+-------+-------++-------
Melee: Unarmed           |    11 |       |       |       ||    11
       Dagger            |    83 |    93 |   221 |   480 ||   877
       Kick              |    21 |    22 |    60 |   141 ||   244
       Peck              |    14 |    20 |    34 |   115 ||   183
       Long sword        |     6 |    22 |       |       ||    28
Throw: Javelin           |       |     5 |       |       ||     5
 Cast: Summon Small Mamm |    18 |       |       |       ||    18
       Call Canine Famil |     2 |    15 |    19 |    45 ||    81
       Shock             |       |       |    34 |    68 ||   102
       Summon Lightning  |       |       |     7 |    21 ||    28
       Summon Ice Beast  |       |       |       |     5 ||     5
 Abil: Fly               |       |       |     3 |     3 ||     6
       Stop Flying       |       |       |     3 |     3 ||     6
Evoke: Wand              |       |       |       |     7 ||     7
  Use: Scroll            |       |     8 |     2 |    11 ||    21
       Potion            |       |     1 |     6 |     6 ||    13
 Stab: Sleeping          |     1 |     1 |     6 |    14 ||    22
       Distracted        |       |       |       |     6 ||     6
  Eat: Chunk             |     2 |    10 |    12 |    23 ||    47
       Ration            |       |     1 |     2 |     5 ||     8
Armor: Robe              |    35 |    38 |    30 |    50 ||   153
Dodge: Dodged            |    78 |    93 |   134 |   329 ||   634
Block: Other             |       |       |    27 |    45 ||    72
       Reflection        |       |       |     3 |     1 ||     4
       Rpst.: Long sword |     1 |     6 |       |       ||     7
